 Dungeon Crawl Stone Soup version 0.29.0-5-ge4962eb29e (webtiles) character file.

Game seed: 16402504703202391591

2323 ragingrage the Skirmisher (level 9, -13/59 HPs)
             Began as a Formicid Arcane Marksman on Aug 29, 2022.
             Was an Initiate of Hepliaklqana.
             Mangled by a two-headed ogre
             ... wielding a +0 giant club
              (23 damage)
             ... on level 8 of the Dungeon.
             The game lasted 00:17:42 (11035 turns).

ragingrage the Skirmisher (FoAM)                   Turns: 11035, Time: 00:17:42

Health: -13/59     AC:  4    Str: 22    XL:     9   Next: 69%
Magic:  10/10      EV: 12    Int: 12    God:    Hepliaklqana [......]
Gold:   299        SH:  0    Dex: 18    Spells: 5/10 levels left

rFire   . . .      SeeInvis +   a - +2 sling (freeze)
rCold   . . .      Faith    .   (no shield)
rNeg    . . .      Spirit   .   h - +0 leather armour {Will+}
rPois   .          Reflect  .   (helmet unavailable)
rElec   .          Harm     .   (no cloak)
rCorr   .          Rampage  .   c - +0 pair of gloves
Will    +....                   (no boots)
Stlth   +.........              (no amulet)
HPRegen 0.19/turn               n - +6 ring of strength
MPRegen 0.12/turn               j - ring of wizardry

@: no status effects
A: permanent stasis, dig shafts and tunnels, antennae 3, four strong arms
a: Dig, Shaft Self, Renounce Religion


You were on level 8 of the Dungeon.
You worshipped Hepliaklqana.
Hepliaklqana was noncommittal.
You visited 2 branches of the dungeon, and saw 9 of its levels.

You collected 299 gold pieces.

Inventory:

Hand Weapons
 a - a +2 sling of freezing (weapon)
 b - a +1 halberd of flaming
 f - a +0 flail of draining
 i - a +0 shortbow
 u - a +1 halberd of venom
Missiles
 e - 3 boomerangs
Armour
 c - a +0 pair of gloves (worn)
 h - a +0 leather armour of willpower (worn)
 o - a +1 ring mail
Jewellery
 j - a ring of wizardry (right hand)
 n - a +6 ring of strength (left hand)
Scrolls
 d - 2 scrolls of immolation
 g - a scroll of brand weapon
 q - 4 scrolls of poison
 r - 7 scrolls of identify
 t - a scroll of noise
Potions
 k - 3 potions of might
 l - a potion of lignification
 p - a potion of mutation
 s - a potion of curing


   Skills:
 - Level 1.1 Fighting
 * Level 12.4 Ranged Weapons
 - Level 1.7 Dodging
 - Level 1.1 Spellcasting
 - Level 3.6 Hexes


You had 5 spell levels left.
You knew the following spells:

 Your Spells              Type           Power      Damage    Failure   Level
a - Slow                  Hex            36%        N/A       3%          1
b - Summon Small Mammal   Summ           0%         N/A       14%         1
c - Portal Projectile     Hex/Tloc       10%        N/A       19%         3

Your spell library contained the following spells:

 Spells                   Type           Power      Damage    Failure   Level
 Apportation              Tloc           0%         N/A       14%         1
 Necrotise                Necr           0%         1d4       14%         1
 Inner Flame              Hex/Fire       5%         N/A       19%         3
 Cause Fear               Hex            4%         N/A       30%         4
 Gell's Gravitas          Tloc           0%         N/A       38%         3
 Teleport Other           Tloc           0%         N/A       38%         3
 Manifold Assault         Tloc           0%         N/A       97%         5
 Dispersal                Tloc           0%         N/A       100%        6
 Storm Form               Tmut/Air       0%         N/A       100%        7
 Blink                    Tloc           Unusable   N/A       N/A         2

Dungeon Overview and Level Annotations

Branches:
Dungeon (8/15)             Temple (1/1) D:7
   Lair: D:8-11

Altars:
Cheibriados
Fedhas
Hepliaklqana
Kikubaaqudgha
Sif Muna
Trog
Vehumet
Wu Jian
Yredelemnul
Zin

Annotations:
D:3 exclusion: downstairs
D:5 exclusion: downstairs, Edmund


Innate Abilities, Weirdness & Mutations

You cannot be hasted, slowed, berserked, paralysed or teleported.
You can dig through walls and to a lower floor.
You have a pair of large antennae on your head. (SInv)
Your four strong arms can wield two-handed weapons with a shield.


Message History

Aim: a two-headed ogre, wielding two +0 giant clubs (almost dead, 79% to hit)
You shoot a sling bullet.
The sling bullet hits the two-headed ogre.
The sling bullet freezes the two-headed ogre.
The two-headed ogre is almost dead.
The two-headed ogre closely misses you.
The two-headed ogre hits you with a +0 giant club.
Fire: a) +2 sling (freeze)
Press: ? - help, Q - select action, (/) - cycle Shift-Dir - straight line, f/p - two-headed ogre
Aim: a two-headed ogre, wielding two +0 giant clubs (almost dead, 79% to hit)
You shoot a sling bullet.
The sling bullet barely misses the two-headed ogre.
A howler monkey comes into view.
Fire: a) +2 sling (freeze)
Press: ? - help, Q - select action, (/) - cycle Shift-Dir - straight line, f/p - two-headed ogre
Aim: a two-headed ogre, wielding two +0 giant clubs (almost dead, 79% to hit)
You shoot a sling bullet. The howler monkey howls!
The sling bullet hits the two-headed ogre.
The sling bullet freezes the two-headed ogre.
The two-headed ogre is almost dead.
The two-headed ogre hits you with a +0 giant club!
The two-headed ogre hits you with a +0 giant club!!
Ouch! That really hurt!
* * * LOW HITPOINT WARNING * * *
Fire: a) +2 sling (freeze)
Press: ? - help, Q - select action, (/) - cycle Shift-Dir - straight line, f/p - two-headed ogre
Aim: a two-headed ogre, wielding two +0 giant clubs (almost dead, 79% to hit)
You shoot a sling bullet.
The sling bullet hits the two-headed ogre.
The sling bullet freezes the two-headed ogre.
The two-headed ogre is almost dead.
Fire: a) +2 sling (freeze)
Press: ? - help, Q - select action, (/) - cycle Shift-Dir - straight line, f/p - two-headed ogre
Aim: a two-headed ogre, wielding two +0 giant clubs (almost dead, 79% to hit)
You shoot a sling bullet.
The sling bullet closely misses the two-headed ogre.
The two-headed ogre barely misses you.
The two-headed ogre hits you with a +0 giant club!!
You die...

...............
..........!....
...............
...............
...............
...............
...............
......O@.......
...............
....>..........
...............
...............
....h..........
...............
...............


You could see a two-headed ogre and a howler monkey.

Vanquished Creatures
  2 sky beasts
  An ice beast (D:7)
  4 ogres (D:6)
  A black bear (D:5)
  2 phantoms (D:5)
  A centaur (D:6)
  2 bullfrogs
  A gnoll sergeant (D:6)
  A necrophage (D:5)
  4 scorpions
  A howler monkey (D:6)
  2 hounds
  6 orc priests
  2 jellies
  4 iguanas
  7 orc wizards
  11 gnolls
  4 adders
  A shadow imp (D:7)
  3 ufetubi
  A worm (D:3)
  2 dart slugs (D:3)
  30 orcs
  5 endoplasms
  A giant cockroach (D:2)
  9 goblins
  6 hobgoblins
  4 jackals (D:2)
  3 quokkas
  6 ball pythons
  2 bats (D:2)
  4 frilled lizards
  3 kobolds
  2 rats (D:1)
138 creatures vanquished.

Vanquished Creatures (others)
  An orc wizard (D:6)
1 creature vanquished.

Grand Total: 139 creatures vanquished

Notes
Turn   | Place    | Note
-------+----------+-------------------------------------------
     0 | D:1      | ragingrage the Formicid Arcane Marksman began the quest for
                  | the Orb.
     0 | D:1      | Reached XP level 1. HP: 15/15 MP: 2/2
   452 | D:1      | Reached XP level 2. HP: 21/21 MP: 3/3
   926 | D:1      | Found a faded altar of an unknown god.
  1057 | D:2      | Reached skill level 3 in Ranged Weapons
  1174 | D:2      | Reached XP level 3. HP: 26/26 MP: 4/4
  2402 | D:2      | Reached skill level 4 in Ranged Weapons
  2402 | D:2      | Reached XP level 4. HP: 32/32 MP: 5/5
  2871 | D:3      | Reached XP level 5. HP: 28/37 MP: 1/6
  2964 | D:3      | Reached skill level 5 in Ranged Weapons
  3379 | D:3      | Found a shimmering blue altar of Sif Muna.
  3566 | D:3      | Reached XP level 6. HP: 40/43 MP: 7/7
  3711 | D:4      | Reached skill level 6 in Ranged Weapons
  4679 | D:4      | Reached XP level 7. HP: 48/48 MP: 8/8
  4683 | D:4      | Reached skill level 7 in Ranged Weapons
  5508 | D:5      | Entered Level 5 of the Dungeon
  5839 | D:5      | Noticed Edmund
  6363 | D:5      | Reached skill level 8 in Ranged Weapons
  6930 | D:5      | Reached XP level 8. HP: 54/54 MP: 7/9
  7179 | D:5      | Reached skill level 9 in Ranged Weapons
  8578 | D:6      | Reached skill level 10 in Ranged Weapons
  8617 | D:6      | Learned a level 1 spell: Summon Small Mammal
  8916 | D:6      | Reached XP level 9. HP: 52/59 MP: 10/10
  9174 | D:6      | Reached skill level 11 in Ranged Weapons
 10189 | D:7      | Found a staircase to the Ecumenical Temple.
 10215 | Temple   | Entered the Ecumenical Temple
 10264 | Temple   | Became a worshipper of Hepliaklqana the Forgotten
 10330 | D:7      | Reached skill level 12 in Ranged Weapons
 10380 | D:7      | Learned a level 3 spell: Portal Projectile
 10585 | D:7      | Identified the +0 robe "Qoniaj" {rElec rCorr Int+4 Slay-4}
 11022 | D:8      | Noticed a two-headed ogre
 11035 | D:8      | Mangled by a two-headed ogre

Illustrated notes

Levels and vault maps discovered:
D:1:      saegor_arrival_simple_e, layout_basic,
          dilly_ecumenical_altar_fadedgnrine
D:2:      layout_basic
D:3:      layout_rooms, lemuel_blue_sif_altar
D:4:      layout_cave_pods
D:5:      layout_loops_corners, uniq_edmund
D:6:      layout_rooms
D:7:      layout_loops_ring, temple_pool_b
D:8:      layout_layer_cave, jmf_multi_god_temple2,
          nicolae_tso_swordbearing_angel, minivault_23
Temple:   bh_familiar_temple

Skill      XL: |  1  2  3  4  5  6  7  8  9 |
---------------+----------------------------+-----
Ranged Weapons | 3 4 5 6 8 10 12 | 12.4
Fighting       | |  1.1
Dodging        | |  1.7
Spellcasting   | |  1.1
Hexes          | |  3.6

Action                   |  1- 3 |  4- 6 |  7- 9 || total
-------------------------+-------+-------+-------++-------
Melee: Sling             |       |       |     1 ||     1
 Fire: Sling             |   126 |   134 |   386 ||   646
 Cast: Slow              |     4 |    13 |    32 ||    49
  Use: Potion            |     3 |     3 |     1 ||     7
       Scroll            |       |     6 |     6 ||    12
Armor: Robe              |     7 |     2 |       ||     9
       Skin              |     9 |       |       ||     9
       Ring mail         |       |     7 |    29 ||    36
       Leather armour    |       |       |     8 ||     8
Dodge: Dodged            |    36 |    26 |    92 ||   154
